 Dungeon Crawl Stone Soup version 0.32-a0-306-gfed3edf829 (webtiles) character file.

Game seed: 1235442224702601006

1671144 jboons the Englaciator (level 26, 217/217 HPs)
             Began as a Mountain Dwarf Earth Elementalist on Feb 15, 2024.
             Was an Initiate of Gozag.
             Escaped with the Orb
             ... and 4 runes!
             The game lasted 02:35:34 (123964 turns).

jboons the Englaciator (MDEE)                     Turns: 123964, Time: 02:35:34

Health: 217/217    AC: 25    Str: 13    XL:     26   Next: 0%
Magic:  54/54      EV: 10    Int: 31    God:    Gozag
Gold:   2828       SH:  9    Dex: 16    Spells: 19/62 levels left

rFire   + . .        b - staff of Rauwk {rC+ Int+5 Ice, !a}
rCold   + + +        W - +3 warlock's mirror {omnireflect}
rNeg    + . .        r - +5 ring mail {rPois}
rPois   +            Y - +2 helmet "Gaobos" {^Contam Harm rN+}
rElec   +            J - +2 cloak {Will+}
rCorr   +            K - +2 pair of gloves "Zaasud" {Dex+3}
SInv    +            A - +2 pair of boots of Failure {rC+ rCorr}
Will    ++++.        y - amulet "Nunaaggazext" {Faith MP+9 SInv}
Stlth   +            Q - ring "Veoskyon" {Ice rCorr}
HPRegen 0.56/turn    e - ring "Xiusiasi" {rElec rF++ rC+ Will+ Dex+3, =R}
MPRegen 0.34/turn

%: harm (+30% outgoing, +20% incoming), reflection, clarity, faith
@: studying Dodging
A: runic magic, artefact enchanting, clarity
0: Orb of Zot
}: 4/15 runes: barnacled, slimy, silver, gossamer
a: Renounce Religion, Potion Petition, Call Merchant, Bribe Branch


You escaped.
You worshipped Gozag.
Gozag was most pleased with you.
You visited 11 branches of the dungeon, and saw 53 of its levels.
You also visited: Ossuary and Ice Cave.

You collected 30815 gold pieces.
You spent 7162 gold pieces at shops.
You paid 20825 gold pieces to Gozag.

Inventory:

Hand Weapons
 a - a +9 demon trident of electrocution
Missiles
 j - 5 throwing nets
Armour
 r - a +5 ring mail of poison resistance (worn)
 A - the +2 pair of boots of Failure (worn) {rC+ rCorr}
   (You acquired it in the Ecumenical Temple)

   rC+:       It protects you from cold.
   rCorr:     It protects you from acid and corrosion.
 J - a +2 cloak of willpower (worn)
 K - the +2 pair of gloves "Zaasud" (worn) {Dex+3}
   (You acquired it on level 5 of the Pits of Slime)

   Dex+3:     It affects your dexterity (+3).
 W - the +3 warlock's mirror (worn) {omnireflect}
   (You bought it in a shop on level 3 of the Elven Halls)

   Omnireflect: It can block and reflect piercing ranged attacks and magical
   attacks against the wielder's willpower.
 Y - the +2 helmet "Gaobos" (worn) {^Contam Harm rN+}
   (You found it in an ice cave)

   rN+:       It protects you from negative energy.
   ^Contam:   It causes magical contamination when unequipped.
   Harm:      It increases damage dealt and taken.
Magical Staves
 b - the staff of Rauwk (weapon) {rC+ Int+5 Ice, !a}
   (You found it on level 3 of the Depths)

   [staff of cold]

   Base accuracy: +5 Base damage: 5 Base attack delay: 1.2 This weapon's minimum
   attack delay (0.6) is reached at skill level 12.
   Int+5:     It affects your intelligence (+5).
   rC+:       It protects you from cold.
   Ice:       It increases the power of your Ice spells.
   It falls into the 'Staves' category.
   It is a one-handed weapon.
 w - a staff of conjuration {!a}
Jewellery
 e - the ring "Xiusiasi" (right hand) {rElec rF++ rC+ Will+ Dex+3, =R}
   (You bought it in a shop on level 2 of the Orcish Mines)

   [ring of willpower]

   Dex+3:     It affects your dexterity (+3).
   rF++:      It greatly protects you from fire.
   rC+:       It protects you from cold.
   rElec:     It insulates you from electricity.
   Will+:     It increases your willpower.
 y - the amulet "Nunaaggazext" (around neck) {Faith MP+9 SInv}
   (You found it on level 4 of the Lair of Beasts)

   [amulet of faith]

   Faith:     It allows you to gain divine favour quickly.
   MP+9:      It affects your magic capacity (+9).
   SInv:      It lets you see invisible.
 Q - the ring "Veoskyon" (left hand) {Ice rCorr}
   (You found it in an ice cave)

   [ring of ice]

   Ice:       It enhances your ice magic.
   rF-:       It makes you vulnerable to fire.
   rC+:       It protects you from cold.
   rCorr:     It protects you from acid and corrosion.
Wands
 B - a wand of iceblast (30)
 I - a wand of mindburst (58)
 P - a wand of charming (31)
 U - a wand of light (10)
 X - a wand of digging (6)
Scrolls
 l - a scroll of summoning
 m - 9 scrolls of amnesia
 o - 3 scrolls of silence
 s - 2 scrolls of blinking
 t - 9 scrolls of poison
 u - 7 scrolls of noise
 x - 4 scrolls of enchant armour
 D - 6 scrolls of vulnerability
 H - 6 scrolls of fog
 M - 4 scrolls of torment
 O - a scroll of revelation
 R - 2 scrolls of immolation
 S - 10 scrolls of teleportation
 T - 10 scrolls of fear
Potions
 c - 6 potions of ambrosia
 d - 7 potions of berserk rage
 f - 2 potions of haste
 g - 9 potions of mutation
 h - 10 potions of lignification
 i - 5 potions of enlightenment
 n - 14 potions of brilliance
 p - 3 potions of heal wounds
 q - 7 potions of might
 z - 15 potions of attraction
 C - a potion of cancellation
 E - 18 potions of curing
 F - a potion of invisibility
 L - 5 potions of resistance
Miscellaneous
 k - a phial of floods
 v - a lightning rod (4/4)
 G - a box of beasts
 N - a condenser vane


   Skills:
 - Level 14.0 Fighting
 - Level 9.0 Armour
 - Level 1.3 Dodging
 - Level 1.4 Stealth
 - Level 6.0 Shields
 + Level 18.6 Spellcasting
 - Level 18.0 Conjurations
 - Level 8.0 Summonings
 - Level 5.0 Necromancy
 - Level 6.0 Fire Magic
 O Level 27 Ice Magic
 + Level 19.0 Earth Magic
 - Level 3.0 Alchemy
 - Level 3.0 Evocations


You had 19 spell levels left.
You knew the following spells:

 Your Spells              Type           Power      Damage    Failure   Level
a - Ozocubu's Refrigerat  Ice            82%        4d25      1%          7
b - Lehudib's Crystal Sp  Conj/Erth      48%        10d12     7%          8
c - Lee's Rapid Deconstr  Erth           49%        3d23*     1%          5
d - Polar Vortex          Ice            82%        12d10*    3%          9
e - Sticky Flame          Fire/Alch      54%        2d10      3%          4
f - Apportation           Tloc           56%        N/A       1%          1
s - Spellforged Servitor  Conj/Summ      41%        N/A       9%          7
S - Sublimation of Blood  Necr           56%        N/A       1%          2

Your spell library contained the following spells:

 Spells                   Type           Power      Damage    Failure   Level
 Foxfire                  Conj/Fire      100%       2x1d9     0%          1
 Sandblast                Erth           100%       2d20      0%          1
 Ensorcelled Hibernation  Hex/Ice        100%       N/A       0%          2
 Ozocubu's Armour         Ice            100%       N/A       0%          3
 Passwall                 Erth           99%        N/A       0%          3
 Stone Arrow              Conj/Erth      100%       3d13      0%          3
 Summon Ice Beast         Ice/Summ       100%       N/A       0%          3
 Brom's Barrelling Bould  Conj/Erth      97%        2d11      0%          4
 Kiss of Death            Conj/Necr      100%       2d13      1%          1
 Shock                    Conj/Air       100%       1d9       1%          1
 Slow                     Hex            100%       N/A       1%          1
 Summon Small Mammal      Summ           100%       N/A       1%          1
 Call Imp                 Summ           100%       N/A       1%          2
 Cigotuvi's Dreadful Rot  Necr/Alch/Air  90%        N/A       1%          2
 Mercury Vapours          Alch/Air       76%        N/A       1%          2
 Call Canine Familiar     Summ           68%        N/A       1%          3
 Dazzling Flash           Conj/Hex       100%       N/A       1%          3
 Fugue of the Fallen      Necr           56%        N/A       1%          3
 Inner Flame              Hex/Fire       47%        N/A       1%          3
 Mephitic Cloud           Conj/Alch/Air  64%        N/A       1%          3
 Vampiric Draining        Necr           56%        2d10      1%          3
 Volatile Blastmotes      Fire/Tloc      94%        2d17      1%          3
 Animate Armour           Summ/Erth      100%       N/A       1%          4
 Flame Wave               Conj/Fire      80%        2d17      1%          4
 Iskenderun's Mystic Bla  Conj/Tloc      71%        2d14      1%          4
 Martyr's Knell           Necr/Summ      62%        N/A       1%          4
 Petrify                  Alch/Erth      77%        N/A       1%          4
 Summon Blazeheart Golem  Fire/Summ      64%        N/A       1%          4
 Arcjolt                  Conj/Air       35%        1d45      1%          5
 Borgnjor's Vile Clutch   Necr/Erth      40%        N/A       1%          5
 Fireball                 Conj/Fire      40%        3d16      1%          5
 Freezing Cloud           Conj/Ice/Air   67%        6-21      1%          5
 Iskenderun's Battlesphe  Conj           96%        2d14      1%          5
 Metabolic Englaciation   Hex/Ice        65%        N/A       1%          5
 Sculpt Simulacrum        Ice/Alch       67%        N/A       1%          6
 Orb of Destruction       Conj           48%        9d13      1%          7
 Dispel Undead            Necr           56%        3d20      2%          4
 Starburst                Conj/Fire      40%        6d11      2%          6
 Jinxbite                 Hex            56%        N/A       3%          2
 Lesser Beckoning         Tloc           56%        N/A       3%          2
 Ignite Poison            Fire/Alch      54%        N/A       3%          4
 Summon Lightning Spire   Summ/Air       52%        N/A       4%          4
 Confusing Touch          Hex            28%        N/A       6%          3
 Gell's Gravitas          Tloc           28%        N/A       6%          3
 Sigil of Binding         Hex            28%        N/A       6%          3
 Swiftness                Air            28%        N/A       6%          3
 Teleport Other           Tloc           28%        N/A       6%          3
 Tukima's Dance           Hex            28%        N/A       6%          3
 Anguish                  Hex/Necr       22%        N/A       8%          4
 Curse of Agony           Necr           56%        N/A       8%          5
 Conjure Ball Lightning   Conj/Air       35%        3x3d11    8%          6
 Summon Cactus Giant      Summ           34%        N/A       12%         6
 Alistair's Intoxication  Alch           31%        N/A       17%         5
 Airstrike                Air            14%        2d(2-18)  21%         4
 Cause Fear               Hex            14%        N/A       21%         4
 Dimensional Bullseye     Hex/Tloc       14%        N/A       21%         4
 Manifold Assault         Tloc           28%        N/A       21%         4
 Vhi's Electric Charge    Tloc/Air       56%        N/A       21%         4
 Silence                  Hex/Air        14%        N/A       50%         5
 Summon Hydra             Summ           34%        N/A       54%         7
 Shatter                  Erth           49%        3d38*     63%         9
 Eringya's Noxious Bog    Alch           23%        4d6       67%         6
 Dispersal                Tloc           14%        N/A       97%         6
 Summon Horrible Things   Summ           34%        N/A       99%         8
 Enfeeble                 Hex            14%        N/A       100%        7
 Disjunction              Tloc           14%        N/A       100%        8
 Maxwell's Capacitive Co  Air            14%        ∞         100%        8
 Chain Lightning          Conj/Air       35%        3d47      100%        9
 Dragon's Call            Summ           34%        N/A       100%        9
 Fire Storm               Conj/Fire      40%        8d10      100%        9


Dungeon Overview and Level Annotations

Branches:
Dungeon (15/15)            Temple (1/1) D:6            Lair (5/5) D:10
 Shoals (4/4) Lair:2       Spider (4/4) Lair:3        Slime (5/5) Lair:5
    Orc (2/2) D:11            Elf (3/3) Orc:2        Vaults (5/5) D:13
  Crypt (0/3) Vaults:2     Depths (4/4) D:15            Zot (5/5) Depths:4
Ossuary (visited)           IceCv (visited)

Altars:
Ashenzari
Cheibriados
Dithmenos
Elyvilon
Fedhas
Gozag
Hepliaklqana
Kikubaaqudgha
Makhleb
Nemelex Xobeh
Okawaru
Qazlal
Ru
Sif Muna
Trog
Uskayaw
Vehumet
Wu Jian
Xom
Yredelemnul
Zin
The Shining One
Jiyva
Lugonu

Shops:
D:4 [:*   Orc:2 **(?*   Elf:2 *   Elf:3 =:=[   Vaults:3 !*   Zot:5 ?*(:
Depths:1 *   Depths:4 *!:!:

Portals:
Hell: Depths:1 Depths:2 Depths:3 Depths:4
Abyss: Lair:5 Depths:3 Depths:4
Pandemonium: Depths:2
Ziggurat: Depths:3

Annotations:
Lair:1 2 transporters, Pokonic1's ghost, novice MDFi
Lair:2 3 runed translucent doors, holysushi's ghost, journeyman DsMo
Elf:1 2 runed translucent doors, cforsyth's ghost, veteran DjHs
Elf:2 2 runed translucent doors
Vaults:4 2 transporters, DimondSprtn's ghost, legendary FoFi


Innate Abilities, Weirdness & Mutations

Your spellcasting is much less encumbered by armour.
You can use scrolls of enchantment on lesser artefacts.
You possess an exceptional clarity of mind.


Message History

You climb upwards.
There is a stone staircase leading down here.
Items here: )))) [[[[.
There is a stone staircase leading up here.
You climb upwards.
There is a stone staircase leading down, spattered with blood here.
There is a stone staircase leading up, spattered with blood here.
You climb upwards.
HP restored.
Magic restored.
There is a stone staircase leading down here.
Things that are here:
a +0 flail; a +0 ring mail; a +0 whip
There is a stone staircase leading up here.
You climb upwards.
There is a stone staircase leading down here.
There is a stone staircase leading up here.
You climb upwards.
There is a stone staircase leading down here.
There is a stone staircase leading up here.
You climb upwards.
A neqoxec comes into view.
There is a stone staircase leading down here.
Unknown command.
Unknown command.
Casting: Ozocubu's Refrigeration (safe; 1% risk of failure)
Confirm with . or Enter, or press ? or * to list all spells.
You feel a strong surge of power!
The heat is drained from your surroundings.
You kill the neqoxec!
Unknown command.
Unknown command.
There is a stone staircase leading up here.
You climb upwards.
There is a stone staircase leading down here.
There is a stone staircase leading up here.
You climb upwards.
There is a stone staircase leading down here.
Magic restored.
A blizzard demon comes into view.
There is a staircase leading out of the dungeon here.
You have escaped!

#.##......##.##...#
#.#####.#.#..##.#.#
#.#####.#.#.###...#
#...##......# #.#.#
###.......### #...# #
#.###########.#.###### #
#.######.............######
#
#......#.............##...#
#
#.####.#.....2@......##.#.#
###.#
#.#.............##.#.#
#...#
#.#.............##.#.#
..###
#.################.#.# .##
#................#.#.# .#
#####..########.##.#.# ##
#...#...#..........#.#
######
#...+.........#.####.#
#....#
#...#####.###.#....#.#


You could see a blizzard demon.

Vanquished Creatures
  the Royal Jelly (Slime:5)
  A dread lich (Zot:5)
  Frederick (Vaults:3)
  Mennas (Vaults:4)
  2 ancient liches (Vaults:5)
  An orb of fire (Zot:3)
  2 juggernauts
  Sojobo (Vaults:5)
  Margery (Vaults:3)
  A shard shrike (Zot:3)
  A Killer Klown (Zot:5)
  3 caustic shrikes (Depths:3)
  A curse toe (Zot:5)
  Nikola (Spider:4)
  6 golden dragons
  Jory (Vaults:5)
  2 bone dragons (Depths:4)
  2 electric golems (Zot:5)
  A hellephant (Vaults:3)
  7 tentacled monstrosities
  Mlioglotl (Shoals:2)
  4 liches
  8 quicksilver dragons
  2 walking frostbound tomes
  4 Orb Guardians (Zot:5)
  2 deep elf blademasters (Elf:3)
  2 deep elf master archers (Elf:3)
  4 titans
  Polyphemus (Shoals:2)
  6 sphinxes
  17 acid blobs
  5 death cobs
  A kraken (Shoals:3)
  3 Executioners
  Donald (Spider:4)
  6 shadow dragons
  9 storm dragons
  Roxanne (Shoals:2)
  2 protean progenitors (Zot:4)
  10 tengu reavers
  15 rockslimes
  A demonspawn warmonger (Zot:1)
  Aizul (Shoals:1)
  7 draconian knights
  3 draconian monks
  18 azure jellies
  13 frost giants
  Louise (Shoals:2)
  8 fire giants
  A revenant (Vaults:2)
  An emperor scorpion (Spider:1)
  9 draconian scorchers
  4 draconian shifters
  6 deep elf sorcerers
  A balrug (Depths:1)
  3 deep elf elementalists (Elf:3)
  A cacodemon (Depths:1)
  13 vault wardens
  6 draconian annihilators
  2 demonspawn blood saints (D:10)
  4 reapers
  A spriggan defender (Depths:3)
  An orc warlord (Vaults:4)
  16 ironbound preservers
  8 ghost moths
  2 draconian stormcallers (Zot:1)
  13 stone giants
  A formless jellyfish (Vaults:4)
  14 quicksilver oozes
  27 very ugly things
  7 broodmothers
  14 ironbound thunderhulks
  4 vampire knights
  10 deep elf demonologists
  11 deep elf death magi
  A lorocyproca (Depths:3)
  The ghost of Sofotal the Warrior, a journeyman DjWr of Ignis (D:12)
  8 red draconians
  3 black draconians
  2 war gargoyles (Vaults:5)
  8 yellow draconians
  9 deep elf annihilators
  2 wendigos
  3 green draconians
  9 dire elephants
  A spark wasp (Depths:2)
  5 white draconians
  14 ettins
  2 bunyips (Zot:4)
  3 blizzard demons
  12 purple draconians
  6 merfolk javelineers
  12 merfolk impalers
  7 fire dragons
  5 deep elf high priests
  12 great orbs of eyes
  16 yaktaur captains
  10 ice dragons
  9 entropy weavers
  A quicksilver dragon skeleton (Depths:2)
  3 peacekeepers
  6 rakshasas
  A hydra (Lair:4)
  2 hell beasts
  24 vault guards (Vaults:5)
  12 ironbound frosthearts
  An ogre mage (Vaults:5)
  4 alligator snapping turtles
  2 jorogumos (Spider:4)
  3 radroaches
  12 centaur warriors
  2 catoblepae
  5 spriggan air magi
  5 merfolk avatars (Shoals:4)
  11 dancing weapons
  7 boulder beetles
  3 satyrs
  4 merfolk aquamancers (Shoals:4)
  5 two-headed ogres
  2 deep troll shamans
  6 tengu warriors
  Erica (D:10)
  16 death yaks
  9 deep troll earth magi
  8 demonic crawlers
  A vampire mage (Depths:4)
  3 occultists
  5 soul eaters
  A death scarab (Spider:3)
  3 orc high priests (Orc:2)
  5 spriggan berserkers
  2 thrashing horrors (Lair:5)
  3 shock serpents (shapeshifter)
  10 hell knights
  2 sun demons
  3 shadow wraiths
  7 iron trolls
  12 skeletal warriors
  9 skysharks
  7 deep elf knights
  2 sixfirhies
  9 pharaoh ants
  20 sea snakes
  A flayed ghost (Depths:3)
  The ghost of DeathSocks the Nimble, a novice DsBr (D:6)
  6 glowing orange brains
  A salamander mystic (Depths:4)
  41 deep trolls
  11 orb spiders
  A shadow demon (Depths:1)
  9 arcanists
  3 obsidian statues
  3 orange crystal statues
  2 spriggan simulacra
  11 steelbarb worms
  3 phantasmal warriors
  5 deep elf archers
  8 lindwurms
  15 deep elf zephyrmancers
  2 lightning spires (Zot:2)
  17 harpies
  17 ironbound convokers
  7 necromancers
  A sphinx simulacrum (Depths:2)
  34 deep elf pyromancers
  5 orc knights
  8 fauns (Shoals:2)
  7 cyclopes
  Maurice (D:9)
  6 oklob plants (Zot:2)
  A shining eye (shapeshifter) (Vaults:5)
  10 manticores
  4 orc sorcerers (Orc:2)
  4 shining eyes
  69 ugly things
  A nameless horror (Zot:3)
  A glowing shapeshifter (Depths:3)
  A moth of wrath (shapeshifter) (Depths:3)
  A rust devil (Depths:1)
  3 salamanders
  26 wolf spiders
  4 large abominations
  17 moths of wrath
  3 meliai (Spider:3)
  2 kobold blastminers (Orc:2)
  4 elephants
  Joseph (D:8)
  A frost giant skeleton (Depths:2)
  10 vault sentinels
  16 water nymphs
  An eye of devastation (Slime:5)
  7 smoke demons
  An orange demon (Depths:1)
  3 merfolk sirens
  13 cane toads
  An elephant (shapeshifter) (Depths:3)
  3 torpor snails (Spider:2)
  A black mamba (Lair:3)
  An eye of devastation (shapeshifter) (Vaults:5)
  2 gargoyles
  2 unseen horrors
  3 efreet
  A kobold demonologist (D:6)
  7 komodo dragons
  2 rime drakes
  A tormentor (Depths:1)
  35 yaktaurs
  3 freezing wraiths
  Psyche (D:8)
  4 tengu conjurers
  A spark wasp simulacrum (Depths:1)
  23 merfolk
  4 trolls
  A merfolk (shapeshifter) (Vaults:5)
  3 hellwings (Depths:1)
  A polar bear (Lair:2)
  7 hornets
  A raiju (shapeshifter) (Lair:5)
  2 raiju (Lair:5)
  25 tarantellas
  Prince Ribbit (D:8)
  19 blink frogs
  A snapping turtle (shapeshifter) (Vaults:5)
  10 wind drakes
  3 dream sheep (Shoals:2)
  5 glass eyes
  5 snapping turtles
  143 slime creatures
  31 jumping spiders
  25 culicivoras
  6 wyverns
  A vampire (D:9)
  24 water elementals
  4 air elementals
  40 yaks
  8 spriggans
  3 fire elementals
  2 ynoxinuls
  2 wraiths
  Eustachio (D:5)
  11 basilisks
  Grum (D:8)
  11 golden eyes
  5 wargs
  A neqoxec (D:3)
  86 redbacks
  2 chaos spawn (Lair:5)
  10 vampire mosquitoes
  A swamp worm (shapeshifter) (Vaults:5)
  An acid dragon (D:10)
  8 water moccasins
  7 great orb of eyes simulacra (IceCv)
  2 hydra simulacra (Zot:3)
  7 orc warriors
  A laughing skull (D:13)
  10 small abominations (Lair:5)
  2 ettin simulacra (Depths:1)
  2 ice beasts
  3 black bears
  6 ogres
  A tengu (shapeshifter) (Lair:5)
  17 wolves
  4 boggarts (Vaults:2)
  14 centaurs
  A phantom (D:6)
  3 slime creature simulacra (IceCv)
  9 kobold brigands
  2 weeping skulls (Ossuary)
  9 bullfrogs
  Blork the orc (D:4)
  3 gnoll sergeants
  7 scorpions
  3 glowing shapeshifter simulacra (IceCv)
  16 wights
  21 killer bees
  5 howler monkeys
  A hound (shapeshifter) (D:13)
  A bombardier beetle (D:4)
  2 jellies
  19 orc priests
  7 hounds
  A gnoll bouda (D:7)
  2 sleepcaps
  5 hell rats (Lair:1)
  23 orc wizards
  5 mummies
  Robin (D:4)
  4 adders
  26 gnolls
  A white imp (Vaults:1)
  6 ufetubi
  8 dart slugs
  3 ribbon worms
  39 orcs
  An orc (shapeshifter) (D:14)
  5 bats
  6 endoplasms
  3 giant cockroaches
  17 goblins
  7 hobgoblins
  11 jackals
  15 kobolds
  5 quokkas
  7 ball pythons
  A frilled lizard (D:3)
  3 gnoll zombies (Ossuary)
  5 kobold zombies
  2 orc zombies
  A rat (D:1)
  An aspiring flesh (Zot:4)
  A butterfly (Lair:5)
  6 tentacles (Shoals:3)
2235 creatures vanquished.

Vanquished Creatures (collateral kills)
  4 golden dragons
  5 Orb Guardians (Zot:5)
  A quicksilver dragon (Zot:5)
  A death cob (Zot:3)
  A storm dragon (Zot:4)
  A draconian knight (Zot:4)
  A very ugly thing (Depths:2)
  A green draconian (Zot:4)
  A red draconian (Zot:4)
  A purple draconian (Zot:4)
  A black draconian (Zot:4)
  3 white draconians
  2 moths of wrath
23 creatures vanquished.

Vanquished Creatures (others)
  2 ancient liches (Zot:5)
  2 orbs of fire (Zot:5)
  4 Killer Klowns (Zot:5)
  A golden dragon (Vaults:5)
  A tentacled monstrosity (Zot:5)
  13 Orb Guardians (Zot:5)
  A death cob (Zot:5)
  A draconian annihilator (Zot:5)
  A black draconian (Zot:5)
  A spriggan simulacrum (Depths:1)
  An orb spider (Zot:4)
  A moth of wrath (Zot:5)
  2 tentacles (Shoals:3)
31 creatures vanquished.

Grand Total: 2289 creatures vanquished

Notes
Turn   | Place    | Note
-------+----------+-------------------------------------------
     0 | D:1      | jboons the Mountain Dwarf Earth Elementalist began the
                  | quest for the Orb.
     0 | D:1      | Reached XP level 1. HP: 14/14 MP: 3/3
    93 | D:1      | Reached skill level 1 in Conjurations
   168 | D:1      | Reached XP level 2. HP: 20/20 MP: 1/4
   720 | D:1      | Reached XP level 3. HP: 20/26 MP: 2/6
  1162 | D:2      | Reached XP level 4. HP: 32/33 MP: 2/7
  1166 | D:2      | Learned a level 3 spell: Stone Arrow
  2958 | D:4      | Reached XP level 5. HP: 38/38 MP: 5/8
  3001 | D:4      | You fall into a shaft and drop 1 floor!
  3001 | D:5      | Entered Level 5 of the Dungeon
  3004 | D:5      | Identified a scroll of acquirement
  3004 | D:5      | Acquired 1305 gold pieces
  3010 | D:5      | Noticed Eustachio
  3035 | D:5      | Reached skill level 5 in Earth Magic
  3186 | D:5      | Found a sand-covered staircase.
  3257 | Ossuary  | Entered an ossuary
  3282 | Ossuary  | Reached XP level 6. HP: 34/45 MP: 1/10
  3849 | D:5      | Reached XP level 7. HP: 41/50 MP: 1/11
  4346 | D:4      | Found a shadowy altar of Dithmenos.
  4364 | D:4      | Found a hide-covered altar of Uskayaw.
  4368 | D:4      | Identified the +7 scimitar "Doath" {holy, rC+ Str-4 Int+3}
  4387 | D:4      | Noticed Blork the orc
  4390 | D:4      | Killed Blork the orc
  4391 | D:4      | Reached skill level 5 in Conjurations
  4631 | D:4      | Noticed Robin
  4644 | D:4      | Killed Robin
  4841 | D:4      | Found Sisycyowk's Book Shop.
  4843 | D:4      | Found Boangate's Armour Shop.
  4880 | D:4      | Reached XP level 8. HP: 57/57 MP: 6/13
  5077 | D:4      | Found Matuofoe's General Store.
  5663 | D:5      | Killed Eustachio
  6333 | D:6      | Found a staircase to the Ecumenical Temple.
  6457 | D:6      | Reached skill level 5 in Spellcasting
  6457 | D:6      | Reached skill level 1 in Fighting
  6485 | Temple   | Entered the Ecumenical Temple
  6543 | Temple   | Acquired the +0 pair of boots of Failure {rC+ rCorr}
  6550 | Temple   | Became a worshipper of Gozag Ym Sagoz the Greedy
  6787 | D:6      | Found a runed translucent gate.
  6787 | D:6      | Found a runed translucent gate.
  6787 | D:6      | Found a runed translucent gate.
  6788 | D:6      | Noticed DeathSocks's ghost (novice DsBr)
  6788 | D:6      | Noticed a kobold demonologist
  6862 | D:6      | Found a blossoming altar of Fedhas.
  7583 | D:7      | Reached XP level 9. HP: 58/69 MP: 10/17
  7909 | D:7      | Found a radiant altar of Vehumet.
  8397 | D:7      | Found a glowing silver altar of Zin.
  8733 | D:8      | Reached skill level 1 in Shields
  9197 | D:8      | Noticed Grum
  9202 | D:8      | Reached skill level 5 in Shields
  9385 | D:8      | Noticed Joseph
  9391 | D:8      | Killed Joseph
  9392 | D:8      | Reached XP level 10. HP: 51/80 MP: 1/19
  9543 | D:8      | Killed Grum
  9544 | D:8      | Reached skill level 5 in Fighting
  9672 | D:8      | Learned a level 2 spell: Sublimation of Blood
  9767 | D:8      | Noticed Psyche
  9826 | D:8      | Killed Psyche
  9827 | D:8      | Reached skill level 1 in Armour
  9827 | D:8      | Reached skill level 1 in Necromancy
  9919 | D:8      | Identified the +4 spear of the Vendetta {heavy, rPois rC+++
                  | Str+3 Dex-3}
 10348 | D:8      | Noticed Prince Ribbit
 10352 | D:8      | Killed Prince Ribbit
 10908 | D:9      | Noticed a two-headed ogre
 10912 | D:9      | Killed a two-headed ogre
 11559 | D:9      | Found a burning altar of Makhleb.
 11559 | D:9      | Found a white marble altar of Elyvilon.
 11559 | D:9      | Found a sparkling altar of Nemelex Xobeh.
 11559 | D:9      | Found an ancient bone altar of Kikubaaqudgha.
 11565 | D:9      | Found a bloodstained altar of Trog.
 11565 | D:9      | Found a hazy altar of Hepliaklqana.
 11610 | D:9      | Found a basalt altar of Yredelemnul.
 11766 | D:9      | Noticed a manticore
 11771 | D:9      | Killed a manticore
 11886 | D:9      | Noticed Maurice
 11909 | D:9      | Maurice stole a staff of cold
 11910 | D:9      | Killed Maurice
 11911 | D:9      | Reached skill level 5 in Armour
 11911 | D:9      | Reached skill level 5 in Necromancy
 11911 | D:9      | Reached XP level 11. HP: 83/94 MP: 6/20
 12336 | D:9      | Noticed a two-headed ogre
 12345 | D:9      | Killed a two-headed ogre
 12739 | D:9      | Found a glowing golden altar of the Shining One.
 12741 | D:9      | Noticed an angel
 12761 | D:9      | Reached skill level 1 in Evocations
 12939 | D:4      | Bought a book of Ice for 700 gold pieces
 13051 | D:10     | Entered Level 10 of the Dungeon
 13076 | D:9      | Reached skill level 1 in Ice Magic
 13395 | D:10     | Noticed Erica
 13398 | D:10     | Killed Erica
 13399 | D:10     | Reached skill level 2 in Ice Magic
 13514 | D:10     | Reached skill level 3 in Ice Magic
 13579 | D:10     | Found a staircase to the Lair.
 13684 | D:10     | Reached skill level 4 in Ice Magic
 13901 | D:10     | Found a radiant altar of Vehumet.
 14501 | D:11     | Noticed a two-headed ogre
 14504 | D:11     | Killed a two-headed ogre
 14505 | D:11     | Reached skill level 5 in Ice Magic
 14756 | D:11     | Noticed a skeletal warrior
 14757 | D:11     | Noticed a skeletal warrior
 14759 | D:11     | Noticed a skeletal warrior
 14801 | Lair:1   | Entered Level 1 of the Lair of Beasts
 14895 | Lair:1   | Reached skill level 6 in Ice Magic
 15224 | Lair:1   | Reached skill level 7 in Ice Magic
 15306 | Lair:1   | Noticed Pokonic1's ghost (novice MDFi)
 15805 | Lair:1   | Found a transporter.
 15805 | Lair:1   | Noticed an eight-headed hydra
 15822 | Lair:1   | Found a transporter.
 15862 | Lair:1   | Reached XP level 12. HP: 61/104 MP: 6/21
 16112 | Lair:1   | You fall into a shaft and drop 1 floor!
 16138 | Lair:2   | Reached skill level 8 in Ice Magic
 17267 | Lair:2   | Reached skill level 9 in Ice Magic
 17319 | Lair:2   | Noticed a death yak
 17319 | Lair:2   | Noticed a death yak
 17643 | Lair:2   | Found a runed translucent gate.
 17643 | Lair:2   | Found a runed translucent gate.
 17645 | Lair:2   | Found a runed translucent gate.
 17655 | Lair:2   | Noticed holysushi's ghost (journeyman DsMo)
 17662 | Lair:2   | Noticed a death yak
 17669 | Lair:2   | Noticed a death yak
 17670 | Lair:2   | Noticed a death yak
 17672 | Lair:2   | Killed a death yak
 18119 | Lair:1   | Killed a death yak
 18120 | Lair:1   | Reached skill level 10 in Ice Magic
 18226 | Lair:1   | Killed a death yak
 18364 | Lair:2   | Killed a death yak
 18418 | Lair:2   | Killed a death yak
 18599 | Lair:2   | Found a staircase to the Shoals.
 18782 | Lair:3   | Reached skill level 11 in Ice Magic
 19339 | Lair:3   | Noticed a demonic crawler
 20076 | Lair:3   | Found a hole to the Spider Nest.
 20427 | Lair:4   | Killed a demonic crawler
 20558 | Lair:4   | Reached skill level 12 in Ice Magic
 20880 | Lair:4   | Noticed a death yak
 20882 | Lair:4   | Noticed a death yak
 20882 | Lair:4   | Noticed a death yak
 20942 | Lair:5   | Entered Level 5 of the Lair of Beasts
 20942 | Lair:5   | Found a staircase to the Slime Pits.
 21082 | Lair:4   | Noticed a death yak
 21092 | Lair:5   | Killed a death yak
 21093 | Lair:5   | Reached XP level 13. HP: 39/111 MP: 1/22
 21106 | Lair:5   | Found a viscous altar of Jiyva.
 21553 | Lair:4   | Reached skill level 13 in Ice Magic
 22216 | Lair:4   | Identified the amulet "Nunaaggazext" {Faith MP+9 SInv}
 22801 | Lair:4   | Reached skill level 14 in Ice Magic
 24447 | Lair:5   | Learned a level 7 spell: Ozocubu's Refrigeration
 25333 | Lair:5   | Reached skill level 15 in Ice Magic
 26799 | Lair:5   | Reached XP level 14. HP: 108/118 MP: 22/23
 27003 | Lair:5   | Found a corrupted altar of Lugonu.
 27003 | Lair:5   | Found a one-way gate to the infinite horrors of the Abyss.
 27423 | D:11     | Reached skill level 16 in Ice Magic
 27492 | D:11     | Identified the +1 short sword of the Modern Stars {venom,
                  | Will+++ Str+3}
 27780 | D:11     | Found a staircase to the Orcish Mines.
 28907 | D:12     | Found a runed translucent door.
 28911 | D:12     | Noticed Sofotal's ghost (journeyman DjWr)
 30623 | D:12     | Killed Sofotal's ghost
 30766 | Orc:1    | Entered Level 1 of the Orcish Mines
 31244 | Orc:2    | Entered Level 2 of the Orcish Mines
 31250 | Orc:2    | Reached skill level 17 in Ice Magic
 31470 | Orc:2    | Found a staircase to the Elven Halls.
 31818 | Orc:2    | Found Daag's Mass Market.
 32616 | Orc:2    | Found Fuasm's General Store.
 32616 | Orc:2    | Found Sorphidups's Magic Scroll Shoppe.
 32618 | Orc:2    | Found Efief's Antique Weapon Boutique.
 32618 | Orc:2    | Found Qunkuju's Assorted Antiques.
 32649 | Orc:2    | Bought the ring "Xiusiasi" {rElec rF++ rC+ Will+ Dex+3} for
                  | 1047 gold pieces
 33088 | Orc:2    | Bought a scroll of acquirement for 728 gold pieces
 33088 | Orc:2    | Bought a scroll of teleportation for 42 gold pieces
 33088 | Orc:2    | Bought a scroll of fog for 56 gold pieces
 33088 | Orc:2    | Bought a scroll of fear for 56 gold pieces
 33088 | Orc:2    | Bought a scroll of teleportation for 42 gold pieces
 33088 | Orc:2    | Bought a scroll of blinking for 105 gold pieces
 33088 | Orc:2    | Acquired 651 gold pieces
 33100 | Orc:2    | Learned a level 5 spell: Lee's Rapid Deconstruction
 34075 | D:13     | Found a gate to the Vaults.
 34075 | D:13     | Noticed an ironbound preserver
 34080 | D:13     | Killed an ironbound preserver
 34081 | D:13     | Reached skill level 18 in Ice Magic
 35254 | D:13     | Reached skill level 10 in Earth Magic
 35254 | D:13     | Reached XP level 15. HP: 124/124 MP: 18/24
 37470 | D:14     | Found Gemaist's Jewellery Shoppe.
 37763 | D:14     | Found the +5 scythe "Finisher" {speed, execute}
 38047 | D:15     | Entered Level 15 of the Dungeon
 38927 | D:15     | Found a bloodstained altar of Trog.
 39470 | D:15     | Found a staircase to the Depths.
 40007 | D:6      | Killed DeathSocks's ghost
 40314 | D:14     | Identified the staff of Ravage {rC+ Necro Ice}
 40350 | D:15     | Learned a level 9 spell: Polar Vortex
 40551 | Spider:1 | Entered Level 1 of the Spider Nest
 40733 | Spider:1 | Found a glacial archway.
 40899 | IceCv    | Entered an ice cave
 41031 | IceCv    | Reached skill level 10 in Spellcasting
 41402 | IceCv    | Identified the +2 helmet "Gaobos" {^Contam Harm rN+}
 41408 | IceCv    | Got the ring "Veoskyon" {Ice rCorr}
 41717 | IceCv    | Noticed an azure jelly
 42318 | IceCv    | Noticed a rockslime
 42355 | IceCv    | Killed a rockslime
 42591 | IceCv    | Noticed an azure jelly
 42598 | IceCv    | Killed an azure jelly
 42609 | IceCv    | Noticed an azure jelly
 42765 | IceCv    | Killed an azure jelly
 42922 | IceCv    | Found a viscous altar of Jiyva.
 42926 | IceCv    | Noticed an azure jelly
 42933 | IceCv    | Killed an azure jelly
 43041 | IceCv    | Identified the ring of Disaster {rPois rCorr MP+9 Str-4}
 43436 | Spider:1 | Reached skill level 19 in Ice Magic
 43436 | Spider:1 | Reached XP level 16. HP: 132/132 MP: 24/30
 45800 | Spider:2 | Reached skill level 20 in Ice Magic
 48622 | Spider:3 | Reached skill level 21 in Ice Magic
 49579 | Spider:4 | Entered Level 4 of the Spider Nest
 50035 | Spider:4 | Noticed Nikola
 50039 | Spider:4 | Killed Nikola
 50696 | Spider:4 | Noticed Donald
 50698 | Spider:4 | Killed Donald
 50699 | Spider:4 | Reached XP level 17. HP: 137/137 MP: 25/31
 52549 | Spider:4 | Reached skill level 22 in Ice Magic
 55484 | Spider:4 | Got a gossamer rune of Zot
 55791 | Shoals:1 | Entered Level 1 of the Shoals
 56961 | Shoals:1 | Identified the serpent talisman "Raku" {rElec Str+3 Stlth+}
 56961 | Shoals:1 | Noticed Aizul
 56964 | Shoals:1 | Killed Aizul
 57976 | Shoals:2 | Noticed Louise
 57978 | Shoals:2 | Killed Louise
 58063 | Shoals:2 | Noticed Mlioglotl
 58069 | Shoals:2 | Killed Mlioglotl
 58470 | Shoals:2 | Noticed Roxanne
 58496 | Shoals:2 | Killed Roxanne
 58553 | Shoals:2 | Noticed Polyphemus
 58779 | Shoals:1 | Identified the +10 rapier of Midnight {spect, *Slow Str+5
                  | Dex+4}
 58788 | Shoals:2 | Killed Polyphemus
 58789 | Shoals:2 | Reached XP level 18. HP: 145/145 MP: 14/33
 59628 | Shoals:2 | Reached skill level 23 in Ice Magic
 60010 | Shoals:2 | Acquired 955 gold pieces
 61777 | Shoals:4 | Entered Level 4 of the Shoals
 61777 | Shoals:4 | Found a blossoming altar of Fedhas.
 63457 | Shoals:4 | Identified the +3 helmet of the Onion {Regen+}
 63705 | Shoals:4 | Got a barnacled rune of Zot
 64969 | Elf:1    | Entered Level 1 of the Elven Halls
 65027 | Elf:1    | Reached skill level 24 in Ice Magic
 65263 | Elf:1    | Got Irup's Encyclopedia of Adjuration
 65328 | Elf:1    | Found an ancient bone altar of Kikubaaqudgha.
 66100 | Elf:1    | Found a large runed translucent door.
 66101 | Elf:1    | Found a large runed translucent door.
 66103 | Elf:1    | Noticed cforsyth's ghost (veteran DjHs)
 66103 | Elf:1    | Found the +9 staff of Olgreb {rPois∞}
 66836 | Elf:2    | Reached XP level 19. HP: 140/151 MP: 23/36
 67025 | Elf:2    | Found Qadaetom's Gadget Gallery.
 67592 | Elf:2    | Found a runed translucent door.
 67666 | Elf:2    | Found a runed translucent door.
 67900 | Elf:3    | Entered Level 3 of the Elven Halls
 68057 | Elf:3    | Found Iptaucih's Jewellery Boutique.
 68071 | Elf:3    | Found Oluetafi's Book Emporium.
 68072 | Elf:3    | Found Huqaoz's Jewellery Boutique.
 68461 | Elf:3    | Found Anifymob's Armour Emporium.
 68482 | Elf:3    | Bought the +3 warlock's mirror {omnireflect} for 600 gold
                  | pieces
 68482 | Elf:3    | Found the +3 warlock's mirror {omnireflect}
 68576 | Elf:3    | Got the Annotations on Topology
 69394 | Elf:3    | Identified the +4 scale mail of the Trees {rPois Regen+
                  | rCorr Dex-2}
 69719 | Elf:3    | Reached skill level 25 in Ice Magic
 69719 | Elf:3    | Noticed a Brimstone Fiend
 69924 | Elf:3    | Identified the +0 mace "Zyanin" {elec, rElec Dex+2}
 70224 | Elf:3    | Identified the +0 plate armour of Ru's Fury {Will+}
 70224 | Elf:3    | Identified the ring of Toas {rElec rC+ Slay+3}
 70458 | Elf:3    | Identified the +1 chain mail "Jadetien" {Int+4 Dex-2}
 70480 | Elf:3    | Identified the +1 long sword "Ipeisk" {holy, Int+4 Stlth+}
 70504 | Elf:3    | Identified the staff of Buorif {^Fragile Fly rPois Str+2
                  | Fire Alchemy}
 70543 | Elf:3    | Got the Directory of Conjured Ceration
 70558 | Elf:3    | Got the Opusculum on the Familiar
 70891 | Vaults:1 | Entered Level 1 of the Vaults
 72661 | Vaults:1 | Reached XP level 20. HP: 158/158 MP: 32/38
 73148 | Vaults:1 | Reached skill level 15 in Spellcasting
 74648 | Vaults:2 | Identified the +1 plate armour "Baunioma" {rElec rC+++
                  | Regen+ Int-5}
 74803 | Vaults:2 | Reached skill level 26 in Ice Magic
 75983 | Vaults:2 | Found a staircase to the Crypt.
 76960 | Vaults:3 | Identified the ring of Aplisuna {Will+ Int+6}
 77312 | Vaults:3 | Identified the orb of the Three Mice {light, ^Drain rF+
                  | Stlth+}
 77312 | Vaults:3 | Noticed Frederick
 77318 | Vaults:3 | Killed Frederick
 77720 | Vaults:3 | Noticed Margery
 77727 | Vaults:3 | Killed Margery
 78068 | Vaults:3 | Found Qemecruak's Distillery.
 78167 | Vaults:3 | Found Joprerim's Assorted Antiques.
 78897 | Vaults:3 | Reached XP level 21. HP: 112/165 MP: 9/41
 79333 | Vaults:4 | Found a transporter.
 79333 | Vaults:4 | Noticed DimondSprtn's ghost (legendary FoFi)
 79334 | Vaults:4 | Found a transporter.
 80065 | Vaults:4 | Reached skill level 27 in Ice Magic
 80249 | Vaults:4 | Noticed Mennas
 80258 | Vaults:4 | Killed Mennas
 82304 | Vaults:5 | Entered Level 5 of the Vaults
 82307 | Vaults:5 | Reached skill level 10 in Fighting
 82427 | Vaults:5 | Noticed Sojobo
 82581 | Vaults:5 | Noticed a golden dragon
 82740 | Vaults:5 | Killed a golden dragon
 82741 | Vaults:5 | Killed Sojobo
 82854 | Vaults:5 | Noticed a golden dragon
 82859 | Vaults:5 | Killed a golden dragon
 83089 | Vaults:5 | Reached XP level 22. HP: 181/181 MP: 21/43
 83091 | Vaults:5 | Identified the +9 morningstar of the Spider {flame, rElec
                  | rN+ Dex-5 SInv}
 83659 | Vaults:5 | Identified the +7 lajatang "Dragonslayer" {flame, rElec rF-
                  | Dex+6}
 84223 | Vaults:5 | Identified the +1 short sword of the Saviour {venom, rF+}
 85235 | Vaults:5 | Identified the +8 quarterstaff "Wuec Lit" {freeze, *Noise
                  | rElec Stlth+}
 85504 | Vaults:5 | Noticed Jory
 85508 | Vaults:5 | Killed Jory
 85805 | Vaults:5 | Noticed an ancient lich
 85912 | Vaults:5 | Noticed an ancient lich
 86045 | Vaults:5 | Identified the +9 war axe "Wyuwacat" {vamp, Stlth+}
 86152 | Vaults:5 | Killed an ancient lich
 86337 | Vaults:5 | Identified the +3 short sword of Ywni {speed, rN++ MP+9
                  | Dex-3}
 86441 | Vaults:5 | Got a silver rune of Zot
 87203 | Vaults:5 | Killed an ancient lich
 87912 | Elf:3    | Bought a book of Armaments for 468 gold pieces
 88156 | Depths:1 | Entered Level 1 of the Depths
 88816 | Depths:1 | Paralysed by a wendigo for 1 turns
 88827 | Depths:1 | Reached skill level 10 in Conjurations
 89114 | Depths:1 | Learned a level 4 spell: Sticky Flame
 89118 | Depths:1 | Reached skill level 1 in Fire Magic
 89171 | Depths:1 | Found Lirucew's Overcharged Wands.
 89325 | Depths:1 | Reached skill level 1 in Alchemy
 89530 | Depths:1 | Paralysed by a wendigo for 1 turns
 90908 | Depths:1 | Found a gateway to Hell.
 90916 | Depths:1 | Reached skill level 5 in Fire Magic
 91356 | Depths:1 | Reached XP level 23. HP: 195/195 MP: 39/45
 91717 | Depths:1 | Identified the +3 leather armour of the True Pharaoh {-Cast
                  | Harm Regen+}
 92888 | Depths:2 | Found a one-way gate leading to the halls of Pandemonium.
 93112 | Depths:2 | Identified the amulet of Qitesir {Faith rPois Will- Str-4
                  | Stlth+}
 95002 | Depths:2 | Identified the ring of the Death Scarab {Fire rElec rPois
                  | Int+3 Dex-5}
 95236 | Depths:2 | Identified the amulet "Rycvi" {Regen+ Int+3 Stlth+}
 95282 | Depths:2 | Identified the ring of Kihid {Fly Will+ rCorr Str-2 Int+5}
 95663 | Depths:3 | Found a one-way gateway to a ziggurat.
 97501 | Depths:3 | Noticed a caustic shrike
 97506 | Depths:3 | Killed a caustic shrike
 97706 | Depths:3 | Noticed a caustic shrike
 97711 | Depths:3 | Killed a caustic shrike
 98022 | Depths:3 | Noticed a juggernaut
 98024 | Depths:3 | Killed a juggernaut
 98114 | Depths:3 | Noticed a caustic shrike
 98436 | Depths:3 | Killed a caustic shrike
 98610 | Depths:3 | Identified the staff of Rauwk {rC+ Int+5 Ice}
 99151 | Depths:4 | Entered Level 4 of the Depths
100146 | Depths:4 | Reached XP level 24. HP: 203/203 MP: 33/45
100267 | Depths:4 | Found a gate to the Realm of Zot.
101020 | Depths:4 | Noticed a juggernaut
101022 | Depths:4 | Killed a juggernaut
101030 | Depths:4 | Reached skill level 15 in Earth Magic
101383 | Depths:4 | Found Big Baal Hell's Store.
102554 | Depths:1 | Found Lirucew's Overcharged Wands.
103378 | Depths:2 | Found a one-way gate leading to the halls of Pandemonium.
104863 | Depths:4 | Found a gate to the Realm of Zot.
105109 | Depths:4 | Found Big Baal Hell's Store.
105488 | Depths:4 | Learned a level 8 spell: Lehudib's Crystal Spear
105838 | Slime:1  | Entered Level 1 of the Pits of Slime
108875 | Slime:4  | Reached skill level 15 in Conjurations
110177 | Slime:5  | Entered Level 5 of the Pits of Slime
110668 | Slime:5  | Noticed the Royal Jelly
110674 | Slime:5  | Killed the Royal Jelly
110933 | Slime:5  | Identified the +2 pair of boots of Fortification {Rampage
                  | rF+ rC+ Int-4}
110945 | Slime:5  | Identified the ring "Malurigg" {Wiz Will+ Slay-5 Stlth+}
111047 | Slime:5  | Got a slimy rune of Zot
111058 | Slime:5  | Acquired the +1 pair of gloves "Zaasud" {Dex+3}
111492 | Slime:5  | Identified the +3 fire dragon scales "Foubeuwupn" {rElec
                  | rF++ rC- Int+2}
111493 | Slime:5  | Identified the +4 arbalest "Leicsiyn" {freeze, +Blink rN+
                  | Int-5}
111620 | Slime:5  | Identified the +4 ring mail of Ignis's Envy {Fly Slay+5}
111623 | Slime:5  | Identified the ring of Sicont {+Blink EV+5 Int-4 Dex+3
                  | SInv}
112439 | Zot:1    | Entered Level 1 of the Realm of Zot
113488 | Zot:1    | Reached XP level 25. HP: 190/210 MP: 36/45
114308 | Depths:4 | Bought a potion of curing for 42 gold pieces
114308 | Depths:4 | Bought a potion of might for 56 gold pieces
114308 | Depths:4 | Bought a potion of resistance for 140 gold pieces
114308 | Depths:4 | Bought a potion of curing for 42 gold pieces
114308 | Depths:4 | Bought a potion of magic for 112 gold pieces
114308 | Depths:4 | Bought a potion of might for 56 gold pieces
114314 | Depths:4 | Bought a potion of brilliance for 60 gold pieces
114314 | Depths:4 | Bought a potion of curing for 45 gold pieces
114314 | Depths:4 | Bought a potion of brilliance for 60 gold pieces
114314 | Depths:4 | Bought a potion of heal wounds for 75 gold pieces
114314 | Depths:4 | Bought a potion of mutation for 120 gold pieces
114314 | Depths:4 | Bought a potion of curing for 45 gold pieces
114317 | Depths:4 | Bought a book of Dangerous Friends for 588 gold pieces
114325 | Depths:4 | Learned a level 7 spell: Spellforged Servitor
114327 | Depths:4 | Bought a manual of Dodging for 1120 gold pieces
114472 | Zot:2    | Reached skill level 1 in Summonings
115421 | Zot:2    | Identified the orb of Devotion {*Rage, rF- Hexes Fire}
116439 | Zot:3    | Noticed an orb of fire
116439 | Zot:3    | Gained mutation: You possess an exceptional clarity of
                  | mind. [an orb of fire]
116448 | Zot:3    | Killed an orb of fire
116701 | Zot:3    | Noticed a shard shrike
116787 | Zot:3    | Killed a shard shrike
116853 | Zot:3    | Reached skill level 5 in Summonings
121288 | Zot:5    | Entered Level 5 of the Realm of Zot
121307 | Zot:5    | Bought a scroll of blinking for 172 gold pieces
121307 | Zot:5    | Bought a scroll of blinking for 172 gold pieces
121307 | Zot:5    | Bought a scroll of revelation for 172 gold pieces
121307 | Zot:5    | Bought a scroll of enchant armour for 172 gold pieces
121307 | Zot:5    | Bought a scroll of teleportation for 69 gold pieces
121592 | Zot:5    | Learned a level 1 spell: Apportation
122152 | Zot:5    | Found Agawk's Magic Scroll Shoppe.
122152 | Zot:5    | Found Beedgh's General Store.
122152 | Zot:5    | Found Oxizaming's Antique Weapon Shoppe.
122152 | Zot:5    | Found Riwoitoraka's Book Shoppe.
122558 | Zot:5    | Noticed an ancient lich
122609 | Zot:5    | Noticed a Killer Klown
122616 | Zot:5    | Noticed a Killer Klown
122618 | Zot:5    | Noticed a dread lich
122628 | Zot:5    | Killed a Killer Klown
122639 | Zot:5    | Killed a Killer Klown
122662 | Zot:5    | Killed an ancient lich
122670 | Zot:5    | Noticed a Killer Klown
122671 | Zot:5    | Killed a Killer Klown
122808 | Zot:5    | Killed a dread lich
122971 | Zot:5    | Noticed a Killer Klown
123087 | Zot:5    | Noticed an orb of fire
123092 | Zot:5    | Noticed a Killer Klown
123155 | Zot:5    | Killed a Killer Klown
123180 | Zot:5    | Noticed an orb of fire
123208 | Zot:5    | Noticed an orb of fire
123252 | Zot:5    | Killed an orb of fire
123376 | Zot:5    | Killed an orb of fire
123378 | Zot:5    | Noticed an ancient lich
123382 | Zot:5    | Killed an ancient lich
123391 | Zot:5    | Got the Orb of Zot
123847 | D:10     | Reached XP level 26. HP: 211/217 MP: 41/45
123964 | D:$      | Escaped with the Orb!

Illustrated notes

Levels and vault maps discovered:
D:1:      lemuel_arrival_hallway, layout_basic
D:2:      layout_basic, minivault_19, minmay_liquid_box,
          corexii_item_surrounded_by_moat, kennysheep_path_1,
          nicolae_eternal_life
D:3:      layout_basic
D:4:      layout_basic, mainiacjoe_overflow_large_starburst, serial_shops, shop,
          shop, nicolae_shop_tiny_statue_garden, kennysheep_generic_room_5,
          uniq_blork_the_orc, uniq_robin
D:5:      layout_loops_ring, nicolae_ossuary_entry_giza, uniq_eustachio
D:6:      layout_rooms, kennysheep_mini_moat, minmay_temple_entry_mini_moons,
          gammafunk_ghost_nasty_kobolds
D:7:      layout_basic, hangedman_feature_mirror, grunt_ministairs_9
D:8:      layout_loops_ring, uniq_joseph, uniq_psyche, uniq_prince_ribbit1,
          uniq_grum
D:9:      layout_gridville, grunt_temple_overflow_holy_war,
          minmay_overflow_temple_hex, uniq_maurice
D:10:     layout_long_grid, mainiacjoe_overflow_small_starburst,
          david_lair_generic, minmay_misc_feat_rugged, uniq_erica
D:11:     layout_gridville, orc_0_dummy
D:12:     layout_irregular_city, hellmonk_ghost_big_iron
D:13:     layout_basic, skrybe_vaults_entry_preservation
D:14:     layout_loops_cross, serial_shops, shop,
          amcnicky_mini_rare_corridor_liquid, minivault_21, drop_trap,
          minmay_guarded_unrand_finisher
D:15:     grunt_enter_depths_hoard, layout_basic, trog_three_pillars_becter
Temple:   hellmonk_temple_beads
Lair:1:   wander_river, layout_regular_city, gammafunk_ghost_arena,
          chequers_serial_rivers_micro_d, small_statue_intersection
Lair:2:   layout_loops_ring, minmay_shoals_entry_lonely_mermaid,
          ebering_ghost_rock_garden, grunt_forest_stairs_basic
Lair:3:   layout_layer_cave, nicolae_spider_entry_non_spiders
Lair:4:   layout_gridlike, beast_lair_carwin_2
Lair:5:   hellmonk_lair_end_abyssal_woods, layout_cave_pods, slime_entry_1,
          patterned_corridor, infiniplex_staircase_pool_2, lemuel_fruit_fields
Shoals:1: layout_shoals, nicolae_shoals_hidden_pirate_stash, uniq_aizul
Shoals:2: cheibrodos_shoals_epimethial_gifts, layout_shoals, uniq_polyphemus,
          uniq_mlioglotl, uniq_louise, uniq_roxanne
Shoals:3: layout_shoals, ldierk_geyser
Shoals:4: shoals_end_hellmonk_storm_palace [storm_palace_center_circular,
          storm_palace_corner_reverse_hut, storm_palace_corner_altar,
          storm_palace_corner_grid, storm_palace_corner_grid]
Spider:1: layout_spider_delve, portal_ice_cave_entry_pillars_1
Spider:2: layout_spider_delve
Spider:3: layout_chambers
Spider:4: hellmonk_spider_rune_endless_swarm, uniq_donald, uniq_nikola
Slime:1:  layout_caves
Slime:2:  layout_caves
Slime:3:  layout_caves
Slime:4:  layout_caves
Slime:5:  slime_pit_nicolae_inversion
Orc:1:    layout_caves
Orc:2:    st_orc_elflike, layout_caves, minmay_shop_mass
Elf:1:    nicolae_elf_arrival_fired_up, layout_loops_corners, basic_altar,
          ebering_ghost_disaster_area, minmay_elf_demonology
Elf:2:    elven_hall_of_blades_hangedman_original
          [nicolae_blade_entry_splitting_headache], layout_gridlike,
          nicolae_shop_gadgets, uniq_asterion
Elf:3:    elf_hall, layout_rooms, serial_shops, nicolae_shop_scrapyard,
          roderic_lattice_octagonal_star, minmay_shop_grove
Vaults:1: hangedman_vaults_impose, nicolae_vaults_murder_corner, v_misc_23,
          nicolae_vaults_little_squares_3, serial_ice_m, v_misc_29,
          nicolae_vaults_windows_and_doors_thing,
          nicolae_vaults_storage_closets_1, nicolae_vaults_tetromino_T_1,
          nicolae_vaults_little_ls, vaults_mumra_hex, hangedman_vaults_trim,
          layout_vaults_omnibox
Vaults:2: nicolae_vaults_spaceships, minmay_crypt_entry_simple_plaza,
          nicolae_vaults_trapezoid_lopsided_3, nicolae_vaults_off_center_swirl,
          nicolae_vaults_sesquioval_fish, hangedman_vaults_capsules,
          nicolae_vaults_turnstiles, hangedman_vaults_impose,
          vaults_room_ringed_pool, vaults_room_grunt_arrival_ludios,
          nicolae_vaults_two_Ls, vaults_room_fours,
          nicolae_vaults_trapezoid_lopsided_1, vaults_dpeg_emergency_exit,
          layout_vaults_big_room
Vaults:3: v_misc_23, nicolae_vaults_trapezoid_lopsided_3,
          nicolae_vaults_cochlea, v_misc_9, nicolae_vaults_house_2,
          ontoclasm_vaults_spin, dpeg_vaults_monster_box,
          layout_vaults_omnigrid, serial_shops, nicolae_shop_stone,
          nicolae_shop_tiny_glass, uniq_margery, uniq_frederick
Vaults:4: gammafunk_ghost_mausoleum, nicolae_vaults_network_periphery,
          nicolae_vaults_branching_niches, nicolae_vaults_ellipses_ellipsis,
          nicolae_vaults_layer_cake_slice, nicolae_vaults_cornered_office,
          vaults_dpeg_diagonal, nicolae_vaults_diamond_1,
          nicolae_vaults_storage_closets_3, v_misc_29, vaults_room_fours,
          layout_vaults_omnicross, uniq_mennas
Vaults:5: uniq_jory, uniq_sojobo
Depths:1: dreamdust_isle_of_ice, layout_gridlike,
          grunt_hell_entry_demonic_statue, hex_intersection,
          kennysheep_pointless_box, grunt_ministairs_3,
          nicolae_shop_overcharged_wands
Depths:2: minmay_the_grid_triangle_9x9_recursive_3
          [minmay_the_grid_triangle_9x9_steps,
          minmay_the_grid_triangle_9x9_minimal,
          minmay_the_grid_triangle_9x9_zippers_vertical,
          minmay_the_grid_triangle_9x9_prize_special,
          minmay_the_grid_triangle_9x9_stretched_checkered,
          minmay_the_grid_triangle_9x9_corruption,
          minmay_the_grid_triangle_9x9_corrupted_corridor,
          minmay_the_grid_triangle_9x9_empty,
          minmay_the_grid_triangle_9x9_windchime], layout_gridlike,
          grunt_hell_entry_dis_mu, rand_demon_pan_entry_5,
          hangedman_decor_clover_reticule
Depths:3: kennysheep_large_spiral, layout_cave_pools, enter_ziggurat_a,
          abyss_entry, hellmouth_1, hangedman_decor_opposing
Depths:4: evilmike_zot_entry_round, layout_gridlike, abyss_entry_crystal,
          nicolae_hell_entry_big_baal_hell, serial_bayou_crossing
Zot:1:    layout_concentric_octagons, regret_index_zotdec_banners
Zot:2:    evilmike_crystal_ball_defense, layout_cellular_growth,
          grunt_megastairs_5
Zot:3:    layout_gridlike, hangedman_elemental_grid_stream
Zot:4:    layout_basic, grunt_ministairs_8, st_stairs_11
Zot:5:    layout_gridlike, grunt_ministairs_3, bh_zot_lava_cross,
          lemuel_baited_zot_trap

Skill      XL: |  1  2  3  4  5  6  7  8  9 10 11 12 13 14 15 16 17 18 19 20 21 22 23 24 25 |
---------------+----------------------------------------------------------------------------+-----
Conjurations   | 1 2 3 4 5 6 8 10 13 16 18 | 18.0
Spellcasting   | 2 3 5 6 10 11 13 14 16 17 18 | 18.6
Earth Magic    | 4 5 6 7 8 10 14 18 19 | 19.0
Fighting       | 3 4 8 9 12 14 | 14.0
Shields        | 5 6 |  6.0
Armour         | 5 6 9 |  9.0
Necromancy     | 5 |  5.0
Evocations     | 3 |  3.0
Ice Magic      | 7 12 15 18 19 21 22 24 25 26 27 | 27.0
Fire Magic     | 6 |  6.0
Alchemy        | 3 |  3.0
Summonings     | 8 |  8.0
Dodging        | |  1.3
Stealth        | |  1.4

Action                     |  1- 3 |  4- 6 |  7- 9 | 10-12 | 13-15 | 16-18 | 19-21 | 22-24 | 25-27 || total
---------------------------+-------+-------+-------+-------+-------+-------+-------+-------+-------++-------
  Melee: Unarmed           |    11 |       |       |       |       |       |       |       |       ||    11
         Punch             |     1 |       |       |       |       |       |       |       |       ||     1
         Dagger            |       |     6 |     6 |   111 |    19 |       |       |       |       ||   142
         Staff             |       |     5 |     6 |     5 |    13 |       |       |       |       ||    29
         Demon trident     |       |       |       |       |       |       |    13 |    41 |    13 ||    67
   Cast: Sandblast         |    48 |   115 |   124 |    13 |     5 |       |       |       |       ||   305
         Stone Arrow       |       |     5 |    80 |   348 |   518 |     8 |    11 |   165 |       ||  1135
         Sublimation of Bl |       |       |       |     8 |    15 |     3 |     1 |     1 |     6 ||    34
         Ozocubu's Refrige |       |       |       |       |   146 |   572 |   436 |   608 |   176 ||  1938
         Lee's Rapid Decon |       |       |       |       |    62 |     6 |       |    63 |     3 ||   134
         Polar Vortex      |       |       |       |       |       |       |     5 |     7 |     2 ||    14
         Sticky Flame      |       |       |       |       |       |       |       |     5 |     1 ||     6
         Lehudib's Crystal |       |       |       |       |       |       |       |       |    47 ||    47
         Spellforged Servi |       |       |       |       |       |       |       |       |    20 ||    20
         Apportation       |       |       |       |       |       |       |       |       |     1 ||     1
 Invoke: Potion Petition   |       |       |       |       |     4 |     1 |     1 |     6 |     2 ||    14
         Call Merchant     |       |       |       |       |       |       |       |       |     8 ||     8
         Bribe Branch      |       |       |       |       |       |       |       |       |     2 ||     2
  Evoke: Wand              |       |       |       |    10 |    18 |    14 |     1 |     3 |       ||    46
         Lightning rod     |       |       |       |       |       |       |     7 |     3 |       ||    10
         Condenser vane    |       |       |       |       |       |       |       |     2 |       ||     2
         Box of beasts     |       |       |       |       |       |       |       |     2 |       ||     2
    Use: Scroll            |     2 |     7 |     5 |     9 |    10 |     4 |    11 |    10 |     7 ||    65
         Potion            |       |     1 |     2 |     1 |     3 |     1 |     3 |    11 |    12 ||    34
   Stab: Distracted        |       |       |       |       |       |       |       |     1 |       ||     1
 Armour: Robe              |    26 |       |       |       |       |       |       |       |       ||    26
         Ring mail         |       |    67 |    97 |   209 |   340 |    61 |   149 |   433 |   135 ||  1491
         Skin              |       |       |       |     1 |       |       |       |       |       ||     1
  Dodge: Dodged            |    25 |    50 |    89 |   103 |   138 |    16 |    40 |   110 |    40 ||   611
  Block: Other             |       |     2 |    26 |     2 |       |       |       |       |       ||    30
         Reflection        |       |       |     2 |     1 |       |       |    23 |    24 |    17 ||    67
         Buckler           |       |       |       |   142 |    76 |    11 |    48 |   124 |    50 ||   451

Table legend: (Time is in decaauts)
 A = Elapsed time spent in this place.
 B = Non-inter-level travel time spent in this place.
 C = Inter-level travel time spent in this place.
 D = Time resting spent in this place.
 E = Time spent auto-exploring this place.
 F = Levels seen in this place.
 G = Mean time per level.
                   A        B        C        D        E       F      G
               +--------+--------+--------+--------+--------+-----+--------+
         Total | 124588 | 117028 |   7560 |  16574 |  88766 |  55 | 2265.2 |
       Dungeon |  27184 |  24212 |   2972 |   4023 |  17315 |  15 | 1812.3 |
        Temple |    123 |      9 |    114 |      0 |      0 |   1 |  123.0 |
          Lair |  13202 |  12225 |    977 |   2468 |   8311 |   5 | 2640.4 |
        Shoals |   9531 |   9239 |    292 |    868 |   7760 |   4 | 2382.8 |
   Spider Nest |  12778 |  12438 |    340 |   1535 |  10122 |   4 | 3194.5 |
    Slime Pits |   6125 |   5750 |    375 |   1387 |   3781 |   5 | 1225.0 |
  Orcish Mines |   2726 |   2477 |    249 |    383 |   1870 |   2 | 1363.0 |
   Elven Halls |   5999 |   5694 |    305 |    839 |   4333 |   3 | 1999.7 |
        Vaults |  16488 |  16155 |    333 |   1767 |  13014 |   5 | 3297.6 |
        Depths |  16907 |  15719 |   1188 |   1453 |  12769 |   4 | 4226.8 |
           Zot |  10741 |  10329 |    412 |    931 |   8239 |   5 | 2148.2 |
       Ossuary |    575 |    575 |      0 |     33 |    364 |   1 |  575.0 |
      Ice Cave |   2203 |   2203 |      0 |    887 |    884 |   1 | 2203.0 |
               +--------+--------+--------+--------+--------+-----+--------+

Top non-repeatable levels by time:
Spider:4: 5295 daAuts
Depths:2: 4881 daAuts
Vaults:4: 4355 daAuts
  Lair:5: 4351 daAuts
Depths:4: 4057 daAuts
Vaults:5: 4050 daAuts
Depths:3: 4011 daAuts
Depths:1: 3957 daAuts
Spider:3: 3629 daAuts
    D:15: 3076 daAuts
Shoals:4: 2912 daAuts
Vaults:1: 2808 daAuts
Vaults:2: 2686 daAuts
Vaults:3: 2587 daAuts
   Zot:3: 2582 daAuts
